 Dungeon Sprint DCSS version 0.16.2-12-gd0ad4c3 (webtiles) character file.

0 musteatbrain the Skirmisher (level 1, -6/18 HPs)
             Began as a Demonspawn Berserker on Oct 15, 2015.
             Was a Follower of Trog.
             Mangled by a worm (8 damage)
             ... in the Dungeon (Sprint VI: "Thunderdome").
             The game lasted 00:01:19 (67 turns).

musteatbrain the Skirmisher (Demonspawn Berserker)    Turns: 67, Time: 00:01:19

Health: -6/18      AC:  2    Str: 21    XL:     1   Next: 16%
Magic:  1/1        EV: 12    Int: 12    God:    Trog [*.....]
Gold:   20         SH:  0    Dex: 16    Spells: 0 memorised, 0 levels left

rFire  + . .     SeeInvis .     a - +0 hand axe
rCold  x x .     Clarity  .     b - +0 animal skin
rNeg   + . .     SustAb   .     (no shield)
rPois  .         Gourm    .     (no helmet)
rElec  +         Spirit   .     (no cloak)
rCorr  .         Warding  .     (no gloves)
rMut   .         NoTele   +     (no boots)
MR     .....                    p - amulet "Clarghudu" {rElec rC- rN+ Regen+ Str+4 Dex+4}
Stlth  ++........               (no ring)
                                n - ring of Gralenab {Fire Int+4 Stlth+}

@: confused, lethally poisoned (-6 -> -10), exhausted, slowed, very slow, not
resistant to hostile enchantments, unstealthy
A: no striking features
a: Burn Spellbooks, Berserk, Renounce Religion


You were in the Dungeon.
You worshipped Trog.
Trog was aware of your devotion.
You were not hungry.

You visited 1 branch You collected 200 gold pieces.
You spent 180 gold pieces at shops.

Inventory:

Hand weapons
 a - a +0 hand axe (weapon)
Armour
 b - a +0 animal skin (worn)
Jewellery
 n - the ring of Gralenab (left hand) {Fire Int+4 Stlth+}
   (You bought it in a shop in the Dungeon)

   [ring of fire]

   It enhances your fire magic, and weakens your ice magic.
   It affects your intelligence (+4).
   It protects you from fire.
   It makes you vulnerable to cold.
   It makes you more stealthy.
 p - the amulet "Clarghudu" (around neck) {rElec rC- rN+ Regen+ Str+4 Dex+4}
   (You bought it in a shop in the Dungeon)

   [amulet of regeneration]

   It affects your strength (+4).
   It affects your dexterity (+4).
   It makes you vulnerable to cold.
   It insulates you from electricity.
   It protects you from negative energy.
   It increases your rate of regeneration.
Magical devices
 k - a wand of cold (5)
 l - a wand of fire (5)
Scrolls
 i - 4 scrolls of blinking
 m - 3 scrolls of fog
Potions
 d - a potion of curing
 e - 4 potions of heal wounds
 f - 4 potions of haste
 g - 2 potions of magic
 h - a potion of berserk rage
 j - a potion of resistance
Comestibles
 c - a bread ration


   Skills:
 + Level 3.2 Fighting
 * Level 3.1 Axes
 - Level 1.7 Armour
 - Level 1.7 Dodging


You couldn't memorise any spells.
You didn't know any spells.

Dungeon Overview and Level Annotations

Branches:
Dungeon (1/1)

Altars:
Dithmenos
Fedhas
Gozag
Ru
Sif Muna
Vehumet
Xom
Yredelemnul
Zin
Jiyva
Lugonu

Shops:
D *[%???:(

Annotations:
D Sigmund


Message History

You feel sick. The worm closely misses you.
Sigmund hits you from afar with a scythe of venom!
You are more poisoned.
You're too confused to move!
You feel your anger subside.
You are no longer berserk.
You are exhausted.
You feel yourself slow down.
You feel sick. The worm misses you. Sigmund barely misses you.
A jackal comes into view.
The jackal barks!
You hit the worm.
The worm is moderately wounded.
You feel sick. Sigmund closely misses you. The worm bites you.
* * * LOW HITPOINT WARNING * * *
You hit the worm.
The worm is moderately wounded.
* * * LOW HITPOINT WARNING * * *
You feel sick. Sigmund barely misses you. The worm bites you!
You die...

##### ##⌠§@##
#...w.# ##...@.##
##∩..h..∩##
#∩.......∩#
#_......._#
#........_#
#........_#
###.........###
#⌠...........⌠#
######.8.........8.#


You could see Sigmund, a worm and a jackal.

Vanquished Creatures
  A giant cockroach (D)
1 creature vanquished.

Notes
Turn   | Place    | Note
--------------------------------------------------------------
     0 | D        | musteatbrain, the Demonspawn Berserker, began the quest for the Orb.
     0 | D        | Reached XP level 1. HP: 18/18 MP: 1/1
     2 | D        | Found a deep blue altar of Sif Muna.
     2 | D        | Found a blossoming altar of Fedhas.
     3 | D        | Found a viscous altar of Jiyva.
     4 | D        | Found a glowing silver altar of Zin.
     4 | D        | Found a shadowy altar of Dithmenos.
     5 | D        | Found Fynk's Advanced Armour.
     5 | D        | Found Behe's Identification Station.
     5 | D        | Found a shimmering altar of Xom.
     5 | D        | Round 1.
     6 | D        | Found a basalt altar of Yredelemnul.
     7 | D        | Found Kheat's Jewellery.
     7 | D        | Found Xoolakote's Bee Food.
    19 | D        | Bought a fine golden ring for 45 gold pieces
    19 | D        | Bought an ancient marble ring for 45 gold pieces
    19 | D        | Bought a clouded crystal amulet for 45 gold pieces
    19 | D        | Identified the ring "Twohudd" {rF+ rN+} (You bought it in a shop in the Dungeon)
    24 | D        | Identified the ring of Ilijo {rElec rPois MP-9 Str+3 Int-5 Stlth+} (You bought it in a shop in the Dungeon)
    28 | D        | Identified the amulet "Clarghudu" {rElec rC- rN+ Regen+ Str+4 Dex+4} (You bought it in a shop in the Dungeon)
    30 | D        | Bought a coiled jade ring for 45 gold pieces
    30 | D        | Identified the ring of Gralenab {Fire Int+4 Stlth+} (You bought it in a shop in the Dungeon)
    38 | D        | Found a sacrificial altar of Ru.
    38 | D        | Found Thaloclo's Magic Scroll Shop.
    39 | D        | Found Suodouph's Magic Scroll Shop.
    41 | D        | Found an opulent altar of Gozag.
    41 | D        | Found a radiant altar of Vehumet.
    42 | D        | Found a corrupted altar of Lugonu.
    43 | D        | Found Paxkiav's Staff Store.
    43 | D        | Found Kawabap's Must-Have Magic.
    60 | D        | Noticed Sigmund
    67 | D        | Mangled by a worm

Action                   || total
-------------------------++-------
Melee: Hand axe          ||     6
Invok: Berserk           ||     1
